 Dungeon Crawl Stone Soup version 0.25-a0-362-g90ccd6aac3 (webtiles) character file.

Game seed: 15932962182945012145, levelgen mode: deterministic

1547634 Zentennen the Hoplite (level 27, 137/266 HPs)
             Began as a Hill Orc Fighter on Dec 27, 2019.
             Was a Follower of Uskayaw.
             Escaped with the Orb
             ... and 3 runes on Jan 4, 2020!
             The game lasted 05:16:43 (87023 turns).

Zentennen the Hoplite (Hill Orc Fighter)           Turns: 87023, Time: 05:16:44

Health: 137/266    AC: 37    Str: 47    XL:     27
Magic:  34/34      EV: 11    Int: 11    God:    Uskayaw [*.....]
Gold:   4609       SH: 32    Dex:  7    Spells: 28/41 levels left

rFire    + + +     SeeInvis +   K - +8 broad axe (freeze)
rCold    + + +     Gourm    .   Z - +2 large shield
rNeg     + . .     Faith    +   B - +5 gold dragon scales
rPois    +         Spirit   .   H - +2 helmet {SInv}
rElec    +         Reflect  .   U - +0 cloak of Purpose {+Inv rC+ Str+4}
rCorr    +         Harm     .   s - +2 pair of gloves
MR       ++++.     Rnd*Tele +   F - +2 pair of boots
Stlth    ..........             v - amulet of Ifileh {Faith rPois Str+9 Dex-3 Slay-4}
HPRegen  0.54/turn              d - ring of the Mage {Wiz MR++ Int+3, =R}
MPRegen  0.24/turn              r - ring "Riun" {rF+ rN+ Stlth+}

@: resistant, flying, very slightly contaminated, hasted, invisible, very quick
A: icy blue scales 1, deformed body, strong 1, teleportitis 1
0: Orb of Zot
}: 3/15 runes: decaying, serpentine, silver
a: Stomp, Renounce Religion


You escaped.
You worshipped Uskayaw.
Uskayaw was pleased with you.
You were not hungry.

You visited 11 branches of the dungeon, and saw 50 of its levels.
You also visited: Ossuary and Desolation.

You collected 6841 gold pieces.
You spent 2232 gold pieces at shops.

Inventory:

Hand Weapons
 K - a +8 broad axe of freezing (weapon)
Missiles
 g - 3 throwing nets (quivered)
Armour
 s - a +2 pair of gloves (worn)
 B - +5 gold dragon scales (worn)
 F - a +2 pair of boots (worn)
 H - a +2 helmet of see invisible (worn)
 U - the +0 cloak of Purpose (worn) {+Inv rC+ Str+4}
   (You bought it in a shop on level 2 of the Orcish Mines)

   It affects your strength (+4).
   It protects you from cold.
   It lets you turn invisible.
 Z - a +2 large shield (worn)
Jewellery
 d - the ring of the Mage (left hand) {Wiz MR++ Int+3, =R}
   (You found it on level 1 of the Depths)

   [ring of wizardry]

   It improves your spell success rate.
   It affects your intelligence (+3).
   It affects your resistance to hostile enchantments.
 r - the ring "Riun" (right hand) {rF+ rN+ Stlth+}
   (You found it on level 2 of the Realm of Zot)

   [ring of positive energy]

   It protects you from fire.
   It protects you from negative energy.
   It makes you more stealthy.
 v - the amulet of Ifileh (around neck) {Faith rPois Str+9 Dex-3 Slay-4}
   (You took it off a fire giant on level 1 of the Depths)

   [amulet of faith]

   It allows you to gain divine favour quickly.
   It affects your strength (+9).
   It affects your dexterity (-3).
   It affects your accuracy and damage with ranged weapons and melee attacks
   (-4).
   It protects you from poison.
Wands
 h - a wand of iceblast (41)
 t - a wand of flame (44)
 C - a wand of disintegration (9)
 E - a wand of random effects (26)
 J - a wand of acid (9)
 M - a wand of scattershot (4)
 O - a wand of polymorph (36)
 P - a wand of paralysis (27)
 V - a wand of clouds (8)
 W - a wand of digging (13)
Scrolls
 j - 24 scrolls of remove curse
 l - 2 scrolls of silence
 m - 13 scrolls of teleportation
 p - 4 scrolls of fear
 y - 17 scrolls of amnesia
 z - a scroll of holy word
 L - 2 scrolls of blinking
 X - a scroll of identify
Potions
 b - 13 potions of brilliance
 e - 2 potions of agility
 i - 8 potions of curing
 n - 10 potions of lignification
 q - 8 potions of flight
 u - 8 potions of magic
 x - a potion of cancellation
 A - 3 potions of resistance
 G - a potion of invisibility
 R - a potion of haste
 S - 4 potions of berserk rage
 T - 3 potions of might
 Y - 3 potions of mutation
Miscellaneous
 a - 2 phantom mirrors
 k - a sack of spiders
 o - a lamp of fire
 w - a phial of floods
 D - a fan of gales
 I - a box of beasts
 N - a lightning rod (4/4)
Comestibles
 f - 59 rations


   Skills:
 * Level 25.0 Fighting
 - Level 20.5 Axes
 + Level 20.5 Armour
 - Level 8.3 Dodging
 + Level 25.9 Shields
 - Level 7.9 Spellcasting
 - Level 5.8 Charms
 - Level 14.7 Necromancy
 - Level 11.5 Earth Magic
 - Level 14.0 Invocations
 + Level 12.7 Evocations


You had 28 spell levels left.
You knew the following spells:

 Your Spells              Type           Power        Failure   Level  Hunger
a - Animate Skeleton      Necr           N/A          1%          1    None
b - Regeneration          Chrm/Necr      ####......   1%          3    ###....
c - Borgnjor's Vile Clut  Necr/Erth      ####......   3%          5    ######.
d - Animate Dead          Necr           N/A          1%          4    ####...

Your spell library contained the following spells:

 Spells                   Type           Power        Failure   Level  Hunger
 Pain                     Necr           ####         1%          1    None
 Corpse Rot               Necr/Air       N/A          1%          2    #......
 Sublimation of Blood     Necr           #####.....   1%          2    #......
 Vampiric Draining        Necr           #####.....   1%          3    ###....
 Lee's Rapid Deconstruct  Erth           ####......   7%          5    ######.
 Stone Arrow              Conj/Erth      ###...       9%          3    ###....
 Death Channel            Necr           #####.....   11%         6    #######
 Excruciating Wounds      Chrm/Necr      ####......   12%         5    ######.
 Shroud of Golubria       Chrm/Tloc      ##....       13%         2    #......
 Apportation              Tloc           #.....       26%         1    None
 Beastly Appendage        Tmut           #.....       26%         1    None
 Confusing Touch          Hex            #.....       26%         1    None
 Corona                   Hex            #......      26%         1    None
 Foxfire                  Conj/Fire      #...         26%         1    None
 Freeze                   Ice            #...         26%         1    None
 Magic Dart               Conj           #...         26%         1    None
 Shock                    Conj/Air       #...         26%         1    None
 Summon Small Mammal      Summ           #...         26%         1    None
 Ozocubu's Armour         Chrm/Ice       ##......     26%         3    ###....
 Spectral Weapon          Hex/Chrm       ##......     26%         3    ###....
 Leda's Liquefaction      Hex/Erth       ###.......   26%         4    ####...
 Petrify                  Tmut/Erth      ###.....     26%         4    ####...
 Blink                    Tloc           N/A          38%         2    #......
 Call Imp                 Summ           #.......     38%         2    #......
 Ensorcelled Hibernation  Hex/Ice        #.....       38%         2    #......
 Searing Ray              Conj           #.....       38%         2    #......
 Slow                     Hex            #.......     38%         2    #......
 Sticks to Snakes         Tmut           #.......     38%         2    #......
 Confuse                  Hex            #.......     61%         3    ###....
 Conjure Flame            Conj/Fire      #.......     61%         3    ###....
 Dazzling Flash           Conj/Hex       #.....       61%         3    ###....
 Gell's Gravitas          Tloc           #.........   61%         3    ###....
 Ignite Poison            Fire/Tmut/Pois #.......     61%         3    ###....
 Inner Flame              Hex/Fire       #.......     61%         3    ###....
 Lesser Beckoning         Tloc           #.........   61%         3    ###....
 Mephitic Cloud           Conj/Pois/Air  #.......     61%         3    ###....
 Portal Projectile        Hex/Tloc       #.....       61%         3    ###....
 Recall                   Summ/Tloc      N/A          61%         3    ###....
 Spider Form              Tmut/Pois      #.........   61%         3    ###....
 Static Discharge         Conj/Air       #.......     61%         3    ###....
 Teleport Other           Tloc           #.......     61%         3    ###....
 Tukima's Dance           Hex            #.......     61%         3    ###....
 Simulacrum               Ice/Necr       ###.......   87%         6    #######
 Airstrike                Air            #.........   93%         4    ####...
 Cause Fear               Hex            #.........   93%         4    ####...
 Fulminant Prism          Conj/Hex       #.........   93%         4    ####...
 Hailstorm                Conj/Ice       #.......     93%         4    ####...
 Ice Form                 Ice/Tmut       #.......     93%         4    ####...
 Iskenderun's Mystic Bla  Conj/Tloc      #.......     93%         4    ####...
 Sticky Flame             Conj/Fire      #.......     93%         4    ####...
 Summon Ice Beast         Ice/Summ       #.......     93%         4    ####...
 Statue Form              Tmut/Erth      ###......    98%         6    #######
 Alistair's Intoxication  Tmut/Pois      #.......     99%         5    ######.
 Blade Hands              Tmut           #.........   99%         5    ######.
 Fireball                 Conj/Fire      #.........   99%         5    ######.
 Irradiate                Conj/Tmut      #.........   99%         5    ######.
 Lightning Bolt           Conj/Air       #.........   99%         5    ######.
 Metabolic Englaciation   Hex/Ice        #.........   99%         5    ######.
 Silence                  Hex/Air        #.........   99%         5    ######.
 Eringya's Noxious Bog    Tmut/Pois      #.........   100%        6    #######
 Hydra Form               Tmut           #.........   100%        6    #######
 Invisibility             Hex            #.......     100%        6    #######
 Starburst                Conj/Fire      #.........   100%        6    #######
 Dragon Form              Tmut           #.........   100%        7    #######
 Ring of Flames           Chrm/Fire      ##........   100%        7    #######
 Ignition                 Fire           #.........   100%        8    #######
 Tornado                  Air            #.........   100%        9    #######
 Passage of Golubria      Tloc           Unusable     N/A         4    N/A

Dungeon Overview and Level Annotations

Branches:
Dungeon (15/15)            Temple (1/1) D:7            Lair (6/6) D:10
  Swamp (4/4) Lair:3        Snake (4/4) Lair:2        Slime (0/5) Lair:5
    Orc (2/2) D:10            Elf (2/3) Orc:2        Vaults (5/5) D:14
  Crypt (1/3) Vaults:2     Depths (5/5) D:15            Zot (5/5) Depths:5
Ossuary (visited)         Desolation (visited)

Altars:
Ashenzari
Cheibriados
Dithmenos
Elyvilon
Fedhas
Gozag
Hepliaklqana
Kikubaaqudgha
Makhleb
Nemelex Xobeh
Okawaru
Qazlal
Ru
Sif Muna
Trog
Uskayaw
Vehumet
Wu Jian
Xom
Yredelemnul
Zin
The Shining One

Shops:
Orc:2 [}**[   Elf:1 [   Snake:1 (   Snake:4 !   Depths:1 [   Depths:3 }=}

Portals:
Hell: Depths:1 Depths:3 Depths:4 Depths:5
Abyss: Depths:4
Pandemonium: Depths:3
Ziggurat: Depths:5
Trove: Elf:2 (give +3 gold dragon scales)

Annotations:
D:4 2 runed translucent doors, Crazy Yiuf; Zentennen's ghost, amateur OpWz
Lair:1 1 runed translucent door, Lym's ghost, journeyman CeHu
Lair:4 exclusion: oklob plant
Snake:3 Asterion; Roxanne
Elf:2 5 runed translucent doors, exclusion: deep elf knight
Depths:1 4 runed translucent doors, Qeffajank's ghost, veteran BaAK
Depths:2 1 runed translucent door
Depths:4 1 runed translucent door
Zot:2 2 transporters, Pedir's ghost, legendary MfGl
Zot:5 exclusion: obsidian statue


Innate Abilities, Weirdness & Mutations

You are partially covered in icy blue scales. (AC +2)
Armour fits poorly on your strangely shaped body.
Your muscles are strong. (Str +2)
You are occasionally teleported next to monsters.


Message History

This square is covered in magical glow.
Okay, then.
Evoke which item? (* to show all) (? for menu, Esc to quit)
Aiming: Dig
Press: ? - help, Shift-Dir - straight line A rock wall.
This square is covered in magical glow.
The rock shatters into small pieces.
You open the door.
There is an open door here.
There is a staircase leading out of the dungeon here.
You feel much better.
You feel much better.
You feel better.
You feel very buoyant.
You fly up into the air.
You feel protected.
You fade into invisibility!
You are very lightly contaminated with residual magic.
You have escaped!

...#.# #.......# #.# ####.#
#.......# #.#
##.###########......(###.#
#.....................##.#
#.###.###.####......(.##.# #.#
#.###.# #........##.# #.#
#.....#########.(.##.# #.#
##....#.......#.#.##.# #.#
#.##.'...@...).#.##.# #.#
#.##.#.......###.##.#
###.####.##.#########....#.######
............#.......###..#.......
###########.'.>.>.>.'..........##
###.......####......... #########
#.#####.#. #.#.#.# #.# #.#.
#.#>#.# #.# #.#.


There were no monsters in sight!

Vanquished Creatures
  5 orbs of fire
  3 ancient liches (Zot:5)
  2 juggernauts (Depths:5)
  Margery (Depths:4)
  Bai Suzhen (Crypt:1)
  A curse toe (Zot:5)
  the Lernaean hydra (Swamp:4)
  Frederick (Depths:4)
  7 Killer Klowns
  A caustic shrike (Depths:3)
  9 golden dragons
  2 bone dragons
  A shard shrike zombie (Crypt:1)
  A Brimstone Fiend (D:7)
  3 electric golems
  11 tentacled monstrosities
  4 liches
  27 Orb Guardians
  Jorgrun (Swamp:1)
  Rupert (Lair:5)
  6 titans
  5 sphinxes
  6 death cobs
  A quicksilver dragon (Zot:3)
  Gastronok (Lair:2)
  Donald (Vaults:4)
  2 thorn hunters (Swamp:1)
  18 storm dragons
  5 tengu reavers
  Kirke (Lair:5)
  14 shadow dragons
  10 fire giants
  19 vault wardens
  6 nagarajas (Snake:4)
  4 draconian monks
  8 frost giants
  2 draconian knights
  4 deep elf sorcerers
  4 iron dragons
  An imperial myrmidon (Desolation)
  3 ghost moths
  2 draconian shifters (Zot:2)
  Louise (Depths:4)
  4 draconian scorchers
  19 ironheart preservers
  2 orc warlords
  A ghoul (Vaults:5)
  4 draconian annihilators
  5 draconian stormcallers
  5 spriggan defenders
  A deep elf elementalist (Vaults:4)
  18 very ugly things
  3 war gargoyles
  4 vampire knights
  24 stone giants
  3 green draconians
  3 entropy weavers
  4 deep elf demonologists
  A deep elf annihilator (Vaults:5)
  7 black draconians
  A minotaur (Depths:2)
  A dire elephant (Lair:6)
  6 white draconians
  5 yellow draconians
  12 red draconians
  4 halazid warlocks (Desolation)
  5 purple draconians
  3 deep elf death magi
  A merfolk javelineer (Depths:2)
  2 eidola (Crypt:1)
  8 ragged hierophants (Desolation)
  12 ettins
  3 jiangshi (Crypt:1)
  2 merfolk impalers
  3 crystal guardians (Desolation)
  Josephine (Lair:4)
  15 fire dragons
  13 great orbs of eyes
  20 yaktaur captains
  30 vault guards
  21 hydras
  3 deep elf high priests
  7 servants of whispers (Desolation)
  12 naga warriors
  2 monstrous demonspawn (Depths:3)
  7 anacondas
  2 ghost crabs
  16 ice dragons
  6 rakshasas
  10 peacekeepers (Desolation)
  A hell beast (D:11)
  3 spriggan air magi
  2 two-headed ogres (shapeshifter) (Vaults:5)
  A shambling mangrove (Swamp:3)
  18 centaur warriors
  4 death knights
  2 catoblepae
  8 alligators
  5 death yaks (Lair:6)
  50 two-headed ogres
  6 tengu warriors
  9 dancing weapons
  5 deep troll shamans
  16 ogre magi
  5 deep troll earth magi
  5 vampire magi
  11 spriggan berserkers
  11 naga sharpshooters
  15 hell knights
  A soul eater (Crypt:1)
  7 shock serpents
  12 deep elf knights
  9 iron trolls
  2 sixfirhies
  A large abomination (Vaults:4)
  A small abomination (Vaults:4)
  11 skeletal warriors
  2 shadow wraiths
  An entropy weaver zombie (Vaults:3)
  2 salamander mystics
  25 deep trolls
  5 flayed ghosts
  A sea snake (shapeshifter) (Depths:2)
  A storm dragon skeleton (Crypt:1)
  An unseen horror (Orc:2)
  4 glowing orange brains
  11 naga ritualists
  6 wizards
  18 deep elf archers
  12 swamp dragons
  8 harpies
  A shadow demon (Depths:3)
  Pikel (D:4)
  A lindwurm (shapeshifter) (Depths:1)
  21 ironbrand convokers
  9 necromancers
  A sphinx skeleton (Vaults:1)
  A phantasmal warrior (Vaults:4)
  48 ugly things
  A shadow dragon skeleton (Crypt:1)
  10 orc knights
  34 deep elf magi
  2 manticores
  6 wolf spiders
  4 cyclopes
  11 mana vipers
  A stone giant zombie (Vaults:3)
  A faun (shapeshifter) (D:14)
  3 orc sorcerers
  A fire giant skeleton (Crypt:1)
  2 salamanders (shapeshifter)
  4 salamanders
  An iron dragon skeleton (Crypt:1)
  33 moths of wrath
  4 elephants (Lair:6)
  27 black mambas
  An eye of devastation (shapeshifter) (Vaults:5)
  3 molten gargoyles (Desolation)
  2 spiny frogs (shapeshifter)
  3 gargoyles
  4 guardian serpents
  27 spiny frogs
  33 naga magi
  5 torpor snails (Lair:6)
  22 vault sentinels
  3 human zombies
  71 yaktaurs
  4 rime drakes
  5 freezing wraiths
  A komodo dragon (Lair:5)
  A tormentor (D:12)
  An entropy weaver simulacrum (Vaults:1)
  An anaconda simulacrum (Crypt:1)
  4 tengu conjurers
  A hellwing (Depths:3)
  A jumping spider (Vaults:4)
  A queen bee (Depths:2)
  10 trolls
  A meliai (shapeshifter) (Vaults:4)
  A hornet (shapeshifter) (Depths:1)
  A polar bear (shapeshifter) (Depths:1)
  Grinder (D:4)
  2 polar bears (Lair:6)
  3 meliai (D:13)
  24 hornets
  Prince Ribbit (Lair:1)
  8 tyrant leeches
  A hydra skeleton (Crypt:1)
  28 slime creatures
  A wind drake (shapeshifter) (Depths:1)
  66 saltlings (Desolation)
  A hippogriff (shapeshifter) (D:14)
  10 bog bodies
  2 human simulacra (Vaults:3)
  11 hippogriffs
  9 blink frogs
  An air elemental (Elf:1)
  A shadow (Swamp:3)
  2 redbacks (Vaults:4)
  2 tarantellas
  A spriggan (shapeshifter) (Vaults:3)
  17 spriggans
  2 ynoxinuls
  A tarantella (shapeshifter) (Depths:1)
  17 water elementals
  10 wraiths
  A hog (shapeshifter) (Depths:1)
  2 humans (D:14)
  2 wyverns
  3 basilisks
  7 hogs (Lair:5)
  48 yaks
  3 hungry ghosts
  20 vampire mosquitoes
  A chaos spawn (Depths:5)
  15 swamp worms
  45 nagas
  14 insubstantial wisps
  Menkaure (D:5)
  9 wargs
  4 acid dragons
  2 soldier ants
  A water nymph zombie (Crypt:1)
  20 water moccasins
  2 porcupines
  A hydra simulacrum (Crypt:1)
  4 black bears
  A floating eye (Depths:3)
  A deep troll skeleton (Vaults:3)
  15 swamp drakes
  An elf zombie (Vaults:1)
  An ettin simulacrum (Vaults:2)
  An ice beast (shapeshifter) (Depths:5)
  52 orc warriors
  6 sky beasts
  3 slaves
  6 ice beasts
  An eye of draining (shapeshifter) (Vaults:3)
  16 boggarts
  3 necrophages
  32 ogres
  39 wolves
  2 phantoms
  A swamp dragon skeleton (Crypt:1)
  31 centaurs
  A tengu (shapeshifter) (Depths:1)
  12 crocodiles
  An elf skeleton (Vaults:2)
  A big kobold (shapeshifter) (D:14)
  A yaktaur zombie (Crypt:1)
  A wyvern zombie (Ossuary)
  13 bullfrogs
  Blork the orc (D:4)
  2 human skeletons
  A yaktaur skeleton (Vaults:1)
  A glowing shapeshifter simulacrum (Vaults:4)
  3 scorpions
  An elf simulacrum (Vaults:2)
  An orc simulacrum (Vaults:1)
  30 killer bees
  3 wights (Crypt:1)
  An electric eel (D:9)
  A howler monkey (D:5)
  6 centaur zombies
  11 crimson imps
  7 bullfrog zombies
  A lava snake (Lair:6)
  5 hounds
  A hound (shapeshifter) (Depths:5)
  9 jellies
  A quasit (D:7)
  3 centaur skeletons
  20 orc priests
  A bullfrog skeleton (D:12)
  3 iguanas
  An iron imp (Depths:4)
  11 worker ants
  A porcupine zombie (Crypt:1)
  32 orc wizards
  2 hound zombies (Ossuary)
  A hound skeleton (D:11)
  18 mummies
  8 worker ant zombies
  8 gnolls
  A howler monkey skeleton (D:4)
  10 adders
  6 shadow imps
  An ooze (D:3)
  2 adder zombies (D:7)
  2 adder skeletons
  2 worms
  5 leopard geckos
  114 orcs
  9 giant cockroaches
  7 goblins
  12 hobgoblins
  11 jackals
  4 quokkas
  2 ball pythons
  4 bats
  3 frilled lizards
  2 giant cockroach zombies
  7 kobolds
  A leopard gecko zombie (Ossuary)
  2 quokka skeletons
  3 rats
  A rat zombie (Crypt:1)
  3 fungi
  8 plants
2387 creatures vanquished.

Vanquished Creatures (collateral kills)
  A juggernaut (Depths:5)
  Saint Roka (Snake:3)
  A quicksilver dragon (Zot:3)
  A thorn hunter (Swamp:1)
  A tengu reaver (Vaults:5)
  A nagaraja (Snake:4)
  4 frost giants
  A draconian scorcher (Zot:1)
  2 very ugly things
  A stone giant (Zot:3)
  A vampire knight (Depths:3)
  A purple draconian (Depths:5)
  A yellow draconian (Zot:3)
  2 yaktaur captains
  A great orb of eyes (Depths:4)
  A ragged hierophant (Desolation)
  2 rakshasas (Depths:1)
  A vault guard (Vaults:4)
  An ice dragon (Depths:5)
  5 hydras
  An anaconda (Snake:2)
  5 two-headed ogres
  An alligator (Swamp:1)
  A deep troll shaman (Depths:5)
  A shock serpent (Snake:4)
  A tengu warrior (Depths:4)
  A hell knight (Depths:5)
  3 iron trolls (Zot:3)
  A wizard (Depths:1)
  3 deep trolls (Zot:3)
  2 naga magi
  2 swamp dragons
  A mana viper (Snake:4)
  2 ugly things (Depths:1)
  A wolf spider (shapeshifter) (Vaults:4)
  A wolf spider (Vaults:4)
  A manticore (D:14)
  A salamander (Snake:2)
  A deep elf mage (Vaults:2)
  A moth of wrath (Zot:5)
  A black mamba (Snake:4)
  A cyclops (D:14)
  A guardian serpent (Snake:3)
  An efreet (Zot:3)
  2 yaktaurs
  2 trolls (Zot:3)
  3 hornets
  2 bog bodies (Swamp:4)
  3 spriggans
  An acid dragon (Vaults:1)
  A water moccasin (Snake:3)
  2 swamp drakes
  3 ogres (Zot:3)
  A boggart (Depths:1)
  An orc priest (Snake:3)
  An orc (Snake:3)
  A plant (Swamp:4)
88 creatures vanquished.

Vanquished Creatures (others)
  A ragged hierophant (Desolation)
  A deep elf knight (Elf:2)
  An orc sorcerer (Snake:3)
  A human zombie (Vaults:2)
  A cyclops (shapeshifter) (Vaults:5)
  3 saltlings (Desolation)
  A slime creature (Swamp:4)
  A spriggan (Swamp:3)
  A naga (Snake:2)
  4 briar patches (Swamp:1)
  A bush (Lair:3)
  A crawling corpse (Vaults:5)
  18 fungi
  34 plants
69 creatures vanquished.

Grand Total: 2544 creatures vanquished

Notes
Turn   | Place    | Note
-------+----------+-------------------------------------------
     0 | D:1      | Zentennen the Hill Orc Fighter began the quest for the Orb.
     0 | D:1      | Reached XP level 1. HP: 19/19 MP: 1/1
    18 | D:1      | Reached XP level 2. HP: 11/27 MP: 2/2
  1222 | D:2      | Reached XP level 3. HP: 13/33 MP: 3/3
  1646 | D:2      | Found a glowing silver altar of Zin.
  1864 | D:2      | Found a shimmering altar of Xom.
  2402 | D:3      | Found a snail-covered altar of Cheibriados.
  2421 | D:3      | Reached XP level 4. HP: 40/40 MP: 4/4
  2567 | D:3      | Found an opulent altar of Gozag.
  3061 | D:3      | Reached XP level 5. HP: 44/47 MP: 5/5
  3203 | D:4      | Noticed Blork the orc
  3211 | D:4      | Killed Blork the orc
  3211 | D:4      | Reached XP level 6. HP: 54/55 MP: 6/6
  3218 | D:4      | Noticed a slave
  3218 | D:4      | Noticed a slave
  3218 | D:4      | Noticed a slave
  3218 | D:4      | Noticed Pikel
  3262 | D:3      | Killed a slave
  3408 | D:4      | Reached skill level 5 in Fighting
  3408 | D:4      | Reached skill level 5 in Axes
  3413 | D:4      | Killed a slave
  3425 | D:3      | Killed a slave
  3662 | D:4      | Noticed a slave
  3676 | D:4      | Killed Pikel
  3676 | D:4      | Reached skill level 5 in Armour
  3676 | D:4      | Reached skill level 5 in Shields
  3676 | D:4      | Reached XP level 7. HP: 35/62 MP: 7/7
  3949 | D:4      | Noticed Grinder
  3964 | D:4      | Killed Grinder
  3964 | D:4      | Reached XP level 8. HP: 60/70 MP: 8/8
  4028 | D:4      | Noticed Zentennen's ghost (amateur OpWz)
  4029 | D:4      | Found a runed translucent door.
  4143 | D:4      | Found a runed translucent door.
  4144 | D:4      | Noticed Crazy Yiuf
  4248 | D:5      | Entered Level 5 of the Dungeon
  4881 | D:5      | Noticed Menkaure
  5103 | D:5      | Killed Menkaure
  5318 | D:5      | Found a shattered altar of Ashenzari.
  5452 | D:6      | Reached XP level 9. HP: 74/79 MP: 9/9
  6233 | D:7      | Reached skill level 10 in Axes
  6319 | D:7      | Found a stormy altar of Qazlal.
  6321 | D:7      | Found a sparkling altar of Nemelex Xobeh.
  6816 | D:7      | Found a staircase to the Ecumenical Temple.
  6994 | Temple   | Entered the Ecumenical Temple
  7111 | Temple   | Became a worshipper of Uskayaw the Reveler
  7316 | D:7      | Reached * piety under Uskayaw
  7317 | D:7      | Reached ** piety under Uskayaw
  7330 | D:7      | Reached *** piety under Uskayaw
  7633 | D:7      | Reached XP level 10. HP: 89/89 MP: 10/10
  8415 | D:8      | Found an ornate altar of the Wu Jian Council.
  8491 | D:8      | Found a sand-covered staircase.
  8499 | Ossuary  | Entered an ossuary
  8513 | Ossuary  | Reached **** piety under Uskayaw
  8537 | Ossuary  | Reached ***** piety under Uskayaw
  8559 | Ossuary  | Reached ****** piety under Uskayaw
  9404 | D:9      | Noticed a two-headed ogre
  9411 | D:9      | Killed a two-headed ogre
  9523 | D:9      | Found an opulent altar of Gozag.
  9877 | D:9      | Reached XP level 11. HP: 85/97 MP: 11/11
  9900 | D:9      | Found a glowing golden altar of the Shining One.
 10252 | D:10     | Entered Level 10 of the Dungeon
 10252 | D:10     | Found a staircase to the Lair.
 10265 | D:10     | Reached skill level 1 in Evocations
 10617 | D:10     | Found a staircase to the Orcish Mines.
 10708 | D:10     | Reached skill level 1 in Invocations
 11104 | Lair:1   | Entered Level 1 of the Lair of Beasts
 11131 | Lair:1   | Reached skill level 10 in Fighting
 11209 | Lair:1   | Noticed Prince Ribbit
 11220 | Lair:1   | Killed Prince Ribbit
 11480 | Lair:1   | Noticed a seven-headed hydra
 11491 | Lair:1   | Killed a seven-headed hydra
 11783 | Lair:1   | Noticed Lym's ghost (journeyman CeHu)
 11784 | Lair:1   | Found a runed translucent door.
 12380 | Lair:2   | Reached skill level 5 in Invocations
 12406 | Lair:1   | Reached XP level 12. HP: 31/107 MP: 16/16
 12702 | Lair:2   | Found a staircase to the Snake Pit.
 13624 | Lair:2   | Noticed Gastronok
 13649 | Lair:2   | Killed Gastronok
 13649 | Lair:2   | Reached skill level 10 in Shields
 14026 | Lair:3   | Reached skill level 15 in Axes
 14152 | Lair:3   | Found an ornate altar of the Wu Jian Council.
 14155 | Lair:3   | Noticed a five-headed hydra
 14164 | Lair:3   | Killed a one-headed hydra
 14514 | Lair:3   | Noticed a seven-headed hydra
 14530 | Lair:3   | Killed a one-headed hydra
 15348 | Lair:3   | Found a staircase to the Swamp.
 15482 | Lair:4   | Reached skill level 5 in Evocations
 15615 | Lair:4   | Noticed Josephine
 15619 | Lair:4   | Killed Josephine
 15619 | Lair:4   | Reached XP level 13. HP: 116/116 MP: 19/19
 17658 | Lair:5   | Noticed Rupert
 17677 | Lair:5   | Killed Rupert
 17677 | Lair:5   | Reached skill level 10 in Invocations
 17784 | Lair:5   | Found a staircase to the Slime Pits.
 17817 | Lair:5   | Noticed Kirke
 17818 | Lair:5   | Noticed a sphinx
 20264 | D:12     | Reached XP level 14. HP: 129/129 MP: 21/21
 22735 | D:14     | Found a gate to the Vaults.
 22919 | D:15     | Entered Level 15 of the Dungeon
 23333 | D:15     | Found a staircase to the Depths.
 23333 | D:15     | Noticed a shard shrike
 23335 | D:15     | Noticed a titan
 23335 | D:15     | a shard shrike changed into a titan
 23338 | D:15     | Noticed a shard shrike
 23338 | D:15     | a titan changed into a shard shrike
 24092 | D:15     | Noticed a dire elephant
 24093 | D:15     | a dire elephant changed into an alligator snapping turtle
 24839 | D:15     | Reached XP level 15. HP: 138/139 MP: 23/23
 25156 | Orc:1    | Entered Level 1 of the Orcish Mines
 25156 | Orc:1    | Noticed an orc warlord
 25177 | Orc:1    | Killed an orc warlord
 25177 | Orc:1    | Reached skill level 15 in Fighting
 25547 | Orc:2    | Entered Level 2 of the Orcish Mines
 25591 | Orc:2    | Noticed Erolcha
 25593 | Orc:2    | Erolcha changed into something unseen
 26328 | Lair:6   | Entered Level 6 of the Lair of Beasts
 26457 | Lair:6   | Found a snail-covered altar of Cheibriados.
 26554 | Lair:6   | Found a gate leading to a gauntlet.
 28236 | Lair:6   | Reached skill level 15 in Shields
 28719 | Orc:2    | Found Cutoh's Antique Armour Emporium.
 28766 | Orc:2    | Killed Erolcha the unseen horror
 29319 | Orc:2    | Found a staircase to the Elven Halls.
 29752 | Orc:2    | Found Deiz's Gadget Boutique.
 29752 | Orc:2    | Found Ykkadd's Assorted Antiques.
 29754 | Orc:2    | Found Qaduifeu's General Store.
 29756 | Orc:2    | Found Xydah's Antique Armour Shop.
 29768 | Orc:2    | Bought a shiny helmet for 202 gold pieces
 29768 | Orc:2    | Bought a glowing helmet for 202 gold pieces
 29768 | Orc:2    | Bought a crude cloak for 256 gold pieces
 29778 | Orc:2    | Identified the +0 cloak of Purpose {+Inv rC+ Str+4} (You
                  | bought it in a shop on level 2 of the Orcish Mines)
 29815 | Orc:2    | Noticed an orc warlord
 29836 | Orc:2    | Killed an orc warlord
 29836 | Orc:2    | Reached XP level 16. HP: 60/152 MP: 12/24
 30579 | Swamp:1  | Entered Level 1 of the Swamp
 30579 | Swamp:1  | Noticed a thorn hunter
 30587 | Swamp:1  | Killed a thorn hunter
 31217 | Lair:3   | Learned a level 1 spell: Animate Skeleton
 31345 | Swamp:1  | Reached skill level 1 in Necromancy
 31379 | Swamp:1  | Noticed a thorn hunter
 31404 | Swamp:1  | Noticed a thorn hunter
 31685 | Swamp:1  | Reached skill level 10 in Evocations
 31997 | Swamp:1  | Killed a thorn hunter
 32248 | Swamp:1  | Killed a thorn hunter
 32265 | Swamp:1  | Noticed Jorgrun
 32277 | Swamp:1  | Killed Jorgrun
 33988 | Elf:1    | Entered Level 1 of the Elven Halls
 34422 | Swamp:3  | Reached skill level 5 in Necromancy
 35621 | Swamp:4  | Entered Level 4 of the Swamp
 35761 | Swamp:4  | Reached XP level 17. HP: 147/163 MP: 22/25
 36122 | Swamp:3  | Reached skill level 1 in Spellcasting
 37148 | Swamp:4  | Got a fine granite ring
 37156 | Swamp:4  | Identified the ring "Asoehiot" {Wiz +Fly rF+ MR-} (You
                  | found it on level 4 of the Swamp)
 37181 | Swamp:4  | Noticed the 27-headed Lernaean hydra
 37197 | Swamp:4  | Killed the 27-headed Lernaean hydra
 37420 | Swamp:4  | Got a decaying rune of Zot
 37474 | Swamp:4  | Got a shimmering chain mail
 37485 | Swamp:4  | Identified the +4 chain mail of Huerghisk {rPois} (You
                  | found it on level 4 of the Swamp)
 37932 | Snake:1  | Entered Level 1 of the Snake Pit
 38321 | Snake:1  | Found Ibiudghodd's Weapon Boutique.
 40144 | Snake:3  | Noticed Asterion
 40149 | Snake:3  | Noticed an Executioner
 40452 | Snake:3  | Noticed Saint Roka
 41479 | Snake:3  | Killed Saint Roka
 41479 | Snake:3  | Reached XP level 18. HP: 162/173 MP: 26/26
 41807 | Snake:3  | Identified Roxanne's Guide on Transmutation
 41807 | Snake:3  | Noticed Roxanne
 41893 | Snake:3  | Reached skill level 10 in Armour
 42205 | Snake:4  | Entered Level 4 of the Snake Pit
 43443 | Snake:4  | Found Karryoza's Distillery.
 43479 | Snake:4  | Bought a potion of haste for 180 gold pieces
 43479 | Snake:4  | Bought a potion of heal wounds for 90 gold pieces
 44578 | Snake:4  | Got a serpentine rune of Zot
 44584 | Snake:4  | Identified the +9 whip "Henkodun" {venom, rPois SInv}
 45032 | Vaults:1 | Entered Level 1 of the Vaults
 45256 | Vaults:1 | Reached XP level 19. HP: 182/182 MP: 27/27
 48183 | Vaults:2 | Reached XP level 20. HP: 134/193 MP: 24/28
 48314 | Vaults:2 | Found a staircase to the Crypt.
 50358 | Vaults:3 | Reached skill level 15 in Armour
 51476 | Vaults:3 | Reached skill level 1 in Dodging
 51581 | Vaults:3 | Reached XP level 21. HP: 202/202 MP: 29/29
 51924 | Vaults:4 | Found a ruined gateway.
 51967 | Desolati | Entered the Desolation of Salt
 52576 | Desolati | Identified Ataaphoe's Grimoire of Battle Magic and Clay
 52579 | Desolati | Identified the Almanac of Ice and Darkness
 52586 | Desolati | Identified the Guide on the Gliding Oath
 52589 | Desolati | Identified the Incunabulum of Mutagenic Curses
 52595 | Desolati | Learned a level 3 spell: Regeneration
 52598 | Desolati | Identified the Handbook of Sulphur
 52601 | Desolati | Identified the Volume of Enchanting Moulding
 52739 | Desolati | Reached skill level 1 in Charms
 53297 | Desolati | HP: 8/203 [servant of whispers/bolt of lightning (18)]
 54411 | Desolati | Identified the cursed ring "Kousek" {rPois Str-2 Dex+4}
 55170 | Desolati | Got a scintillating platinum ring
 55311 | Desolati | Identified Uriomypn's Grimoire of Malediction and Earth
 55474 | Vaults:4 | Noticed Donald
 55512 | Vaults:4 | Killed Donald
 55515 | Vaults:4 | Paralysed by a sphinx for 7 turns
 56118 | Vaults:4 | Reached XP level 22. HP: 175/213 MP: 31/31
 56136 | Vaults:4 | Identified the ring "Sinkoe" {+Fly rC+ MR- Str+4 Int+6}
                  | (You found it in the Desolation of Salt)
 57600 | Elf:1    | Found Naphaep's Armour Emporium.
 57624 | Elf:1    | Reached skill level 5 in Charms
 57659 | Elf:1    | Got a warped pewter ring
 57667 | Elf:1    | Identified the ring "Ysseh" {Str+3 Stlth-} (You found it on
                  | level 1 of the Elven Halls)
 58885 | Elf:2    | Found a portal to a secret trove of treasure.
 58900 | Elf:2    | Found an ancient bone altar of Kikubaaqudgha.
 59202 | Elf:2    | Found a huge runed translucent gate.
 59202 | Elf:2    | Found a huge runed translucent gate.
 59202 | Elf:2    | Found a huge runed translucent gate.
 59202 | Elf:2    | Found a huge runed translucent gate.
 59202 | Elf:2    | Found a huge runed translucent gate.
 60332 | Lair:5   | Killed Kirke
 60444 | Lair:6   | Learned a level 5 spell: Borgnjor's Vile Clutch
 60730 | Depths:1 | Entered Level 1 of the Depths
 61001 | Depths:1 | Reached skill level 5 in Dodging
 61461 | Depths:1 | Found Huwosm's Antique Armour Emporium.
 61467 | Depths:1 | Bought a pair of runed boots for 195 gold pieces
 61467 | Depths:1 | Bought a glowing cloak for 195 gold pieces
 61537 | Depths:1 | Reached XP level 23. HP: 201/221 MP: 33/33
 61585 | Depths:1 | Found the ring of the Mage {Wiz MR++ Int+3}
 61631 | Depths:1 | Found a runed translucent door.
 61633 | Depths:1 | Found a runed translucent door.
 61634 | Depths:1 | Found a runed translucent door.
 61661 | Depths:1 | Identified the ring "Relyny" {Str+4 Int+4}
 61664 | Depths:1 | Identified the ring "Jyttye" {EV+3 Int+2}
 61677 | Depths:1 | Identified the amulet of Ifileh {Faith rPois Str+9 Dex-3
                  | Slay-4}
 61685 | Depths:1 | Identified the ring "Ekisuwk" {Str+3 Dex+3 Stlth+}
 62514 | Depths:1 | Found a gateway to Hell.
 62868 | Depths:1 | Found a runed translucent door.
 62868 | Depths:1 | Found a shimmering altar of Xom.
 62868 | Depths:1 | Noticed Qeffajank's ghost (veteran BaAK)
 62973 | Depths:1 | Reached skill level 1 in Earth Magic
 63211 | Depths:2 | Found a runed translucent door.
 64561 | Depths:2 | Noticed a golden dragon
 64908 | Depths:2 | Noticed a juggernaut
 65501 | Depths:3 | Found a one-way gate leading to the halls of Pandemonium.
 65971 | Depths:3 | Reached skill level 5 in Earth Magic
 66002 | Depths:3 | Found Sushrudd's Jewellery Shoppe.
 66003 | Depths:3 | Found Tuazi's Gadget Boutique.
 66003 | Depths:3 | Found Niommon's Gadget Boutique.
 66199 | Depths:3 | Noticed a caustic shrike
 66305 | Depths:3 | Reached XP level 24. HP: 185/231 MP: 33/33
 66503 | Depths:3 | Identified the +5 hunting sling of Success {velocity, rPois
                  | MR+ Str+4}
 66934 | Depths:3 | Killed a caustic shrike
 67239 | Depths:4 | Noticed Louise
 67267 | Depths:4 | Killed Louise
 67272 | Depths:4 | Found a one-way gate to the infinite horrors of the Abyss.
 68147 | Depths:4 | Noticed Margery
 68175 | Depths:4 | Killed Margery
 68380 | Depths:4 | Noticed Frederick
 68392 | Depths:4 | Killed Frederick
 68629 | Depths:4 | Found a runed translucent door.
 68631 | Depths:4 | Noticed a caustic shrike
 68776 | Depths:5 | Entered Level 5 of the Depths
 68805 | Depths:5 | Found a gateway to a ziggurat.
 68900 | Depths:5 | Noticed a juggernaut
 68911 | Depths:5 | Killed a juggernaut
 69028 | Depths:5 | Noticed a juggernaut
 69048 | Depths:5 | Killed a juggernaut
 70129 | Depths:5 | Noticed a juggernaut
 70140 | Depths:5 | Reached skill level 10 in Necromancy
 70140 | Depths:5 | Killed a juggernaut
 70140 | Depths:5 | Reached XP level 25. HP: 231/240 MP: 33/33
 70149 | Depths:5 | Found a gate to the Realm of Zot.
 70911 | Depths:4 | Upgraded the game from 0.25-a0-317-g5f8687bca5 to
                  | 0.25-a0-353-ged6d54792d
 70931 | Depths:4 | Learned a level 4 spell: Animate Dead
 71253 | Vaults:5 | Entered Level 5 of the Vaults
 71276 | Vaults:5 | Reached skill level 5 in Spellcasting
 73434 | Vaults:5 | Identified the cursed +2 hunting sling of the Enchanted
                  | Forest {freeze, Dex+3 Stlth+}
 73755 | Vaults:5 | Reached XP level 26. HP: 162/248 MP: 33/33
 74510 | Vaults:5 | Reached skill level 10 in Earth Magic
 74548 | Vaults:5 | Identified a scroll of acquirement
 74572 | Vaults:5 | Got a glittering turquoise ring
 74574 | Vaults:5 | Identified the ring of Coranin {*Slow rElec rPois rC+
                  | Int-5} (You acquired it on level 5 of the Vaults)
 74599 | Vaults:5 | Got a silver rune of Zot
 75446 | Vaults:5 | Identified the +6 broad axe "Bunk" {chop, *Corrode Int+3}
 75700 | Crypt:1  | Entered Level 1 of the Crypt
 75802 | Crypt:1  | Noticed Bai Suzhen
 75821 | Crypt:1  | Killed Bai Suzhen
 76233 | Zot:1    | Entered Level 1 of the Realm of Zot
 76538 | Zot:1    | Noticed an orb of fire
 76546 | Zot:1    | Gained mutation: You are dopey. (Int -2) [an orb of fire]
 76553 | Zot:1    | Gained mutation: You are frail. (-10% HP) [an orb of fire]
 76563 | Zot:1    | Killed an orb of fire
 77677 | Zot:2    | Found a transporter.
 77677 | Zot:2    | Noticed Pedir's ghost (legendary MfGl)
 77678 | Zot:2    | Found a transporter.
 77704 | Zot:2    | Noticed an orb of fire
 77721 | Zot:2    | Killed an orb of fire
 77992 | Zot:2    | Upgraded the game from 0.25-a0-353-ged6d54792d to
                  | 0.25-a0-362-g90ccd6aac3
 78052 | Zot:2    | Reached XP level 27. HP: 165/230 MP: 33/34
 78912 | Zot:2    | Identified the ring "Riun" {rF+ rN+ Stlth+} (You found it
                  | on level 2 of the Realm of Zot)
 82236 | Zot:5    | Entered Level 5 of the Realm of Zot
 82822 | Zot:5    | Noticed an ancient lich
 82841 | Zot:5    | Killed an ancient lich
 83009 | Zot:5    | Noticed an ancient lich
 83010 | Zot:5    | Noticed an orb of fire
 83010 | Zot:5    | Gained mutation: Scrolls take you a little longer to read.
                  | [an orb of fire]
 83012 | Zot:5    | Noticed an orb of fire
 83019 | Zot:5    | Gained mutation: You are occasionally teleported next to
                  | monsters. [an orb of fire]
 83196 | Zot:5    | Killed an ancient lich
 83200 | Zot:5    | Gained mutation: You are very dopey. (Int -4) [an orb of
                  | fire]
 83206 | Zot:5    | Gained mutation: You are clumsy. (Dex -2) [an orb of fire]
 83212 | Zot:5    | Killed an orb of fire
 83213 | Zot:5    | Killed an orb of fire
 84496 | Vaults:5 | Lost mutation: You are clumsy. (Dex -2) [potion of
                  | mutation]
 84496 | Vaults:5 | Gained mutation: You have a pair of small horns on your
                  | head. [potion of mutation]
 84496 | Vaults:5 | Gained mutation: You possess an exceptional clarity of
                  | mind. [potion of mutation]
 84811 | Snake:3  | Lost mutation: You have a pair of small horns on your head.
                  | [potion of mutation]
 84811 | Snake:3  | Lost mutation: You are frail. (-10% HP) [potion of
                  | mutation]
 84811 | Snake:3  | Gained mutation: You evolve. [potion of mutation]
 84811 | Snake:3  | Gained mutation: You are partially covered in icy blue
                  | scales. (AC +2) [potion of mutation]
 84850 | Snake:3  | Lost mutation: You are very dopey. (Int -4) [potion of
                  | mutation]
 84850 | Snake:3  | Lost mutation: Scrolls take you a little longer to read.
                  | [potion of mutation]
 84850 | Snake:3  | Lost mutation: You possess an exceptional clarity of mind.
                  | [potion of mutation]
 84850 | Snake:3  | Lost mutation: You are dopey. (Int -2) [potion of mutation]
 84850 | Snake:3  | Lost mutation: You evolve. [potion of mutation]
 84850 | Snake:3  | Gained mutation: Your muscles are strong. (Str +2) [potion
                  | of mutation]
 85176 | Orc:2    | Bought 2 potions of mutation for 256 gold pieces
 85178 | Orc:2    | Bought a scroll of fog for 76 gold pieces
 85178 | Orc:2    | Bought a potion of heal wounds for 190 gold pieces
 85179 | Orc:2    | Bought a wand of paralysis (4) for 90 gold pieces
 85179 | Orc:2    | Bought a sack of spiders for 300 gold pieces
 85983 | Zot:5    | Noticed an ancient lich
 85984 | Zot:5    | Noticed an orb of fire
 85994 | Zot:5    | Gained mutation: Armour fits poorly on your strangely
                  | shaped body. [an orb of fire]
 85995 | Zot:5    | Killed an ancient lich
 86008 | Zot:5    | Killed an orb of fire
 86195 | Zot:5    | Got the Orb of Zot
 87023 | D:$      | Escaped with the Orb!

Levels and vault maps discovered:
D:1:      minmay_arrival_up_and_down, layout_loops_ring,
          minmay_shallow_snake_nest
D:2:      layout_loops_cross, lemuel_round_altar, lemuel_doored_altar
D:3:      layout_basic, cheibriados_altar_1, bh_chokoban, grunt_gozag_statues
D:4:      layout_rooms, gammafunk_ghost_grave, uniq_crazy_yiuf_cottage,
          uniq_blork_the_orc, uniq_pikel, uniq_grinder
D:5:      layout_loops_corners, cheibrodos_ashenzari_chains,
          portal_sewer_entry_e, first_ration, uniq_menkaure
D:6:      layout_basic, corexii_hall_statues_i
D:7:      kennysheep_windowed_halls, layout_basic, minitemple,
          minmay_temple_entry_mini_moons
D:8:      layout_loops_cross, marbit_many_paths, gup_ossuary_entry_pyramid
D:9:      layout_basic, nicolae_tso_swordbearing_angel,
          nicolae_overflow_hidden_temple, the_bakery, minivault_16
D:10:     layout_irregular_city, erik_lair_orcish_takeover, orc_0_dummy,
          minmay_misc_feat_iff, kennysheep_nondescript, minmay_chambers_of_fives
D:11:     layout_stronghold
D:12:     layout_roguey
D:13:     layout_roguey, chequers_serial_rivers_small_b
D:14:     layout_cave_pools, grunt_vaults_entry_fortified
D:15:     hangedman_depths_entry_civil_slaughter, layout_loops_ring,
          chequers_mini_garden
Temple:   dshaligram_water_room_temple
Lair:1:   layout_cave_pods, ebering_ghost_inner_flame, uniq_prince_ribbit2
Lair:2:   layout_gridlike, guppyfry_snake_entry_island,
          grunt_forest_large_clearings, uniq_gastronok
Lair:3:   layout_hall_layers, minmay_swamp_entry_worms, basic_altar,
          grunt_forest_large_clearing_hut
Lair:4:   minmay_lair_oklob_tunnel, layout_hall_layers, uniq_josephine
Lair:5:   layout_cave_pods, minmay_slime_entry_pillars, lemuel_fruit_fields,
          uniq_rupert, uniq_kirke
Lair:6:   grunt_lair_end_beastmaster, layout_gridlike, gauntlet_entry_generic,
          kennysheep_snail_temple, grunt_megastairs_3
Swamp:1:  layout_basic_swamp, serial_swamp_ruin, evilmike_swamp_ruin_house_6,
          evilmike_swamp_ruin_rubble_2, evilmike_swamp_ruin_rubble_1,
          uniq_jorgrun
Swamp:2:  layout_basic_swamp, evilmike_swamp_ruin_house_1,
          infiniplex_staircase_pool_2
Swamp:3:  layout_basic_swamp, hangedman_swamp_ruin_wall, swamp_pool1
Swamp:4:  grunt_swamp_rune_castle, layout_basic_swamp
Snake:1:  layout_chambers, serial_shops, nicolae_shop_window_shopping, drop_trap
Snake:2:  layout_onion
Snake:3:  cheibrodos_forgotten_conduit, layout_onion_interference,
          nicolae_snake_double_loop, uniq_saint_roka, uniq_roxanne,
          uniq_asterion
Snake:4:  snake_pit, layout_misc_corridors, serial_shops, shop
Orc:1:    layout_caves, nicolae_orc_flooded_monolith
Orc:2:    st_orc_rangers, layout_caves, serial_shops, nicolae_shop_statue_plus,
          uniq_erolcha
Elf:1:    eino_elf_arrival_shootout, layout_loops_corners, serial_shops, shop,
          evilmike_minifort
Elf:2:    layout_rooms, basic_altar, nicolae_trove_entry_crossroad, uniq_agnes,
          uniq_azrael
Vaults:1: hangedman_vaults_cutoff, nicolae_vaults_triangles,
          hangedman_vaults_maws, vaults_dpeg_cross, vaults_room_hallway,
          st_lines, ontoclasm_vaults_fault, vaults_room_door_ring,
          layout_vaults_omnigrid
Vaults:2: v_pattern_4, nicolae_vaults_minivaults, v_misc_28,
          vaults_room_ringed_pool, nicolae_vaults_network_square, v_misc_16,
          dpeg_vaults_monster_row, nicolae_vaults_yaktaur_gun_rack, v_rooms_3,
          layout_vaults_ring, dummy_crypt_entry
Vaults:3: ontoclasm_vaults_eye, st_cross, ontoclasm_vaults_spin, v_misc_32,
          vaults_mumra_hexcomb, hangedman_vaults_slice, v_pattern_2, v_misc_24,
          v_alt_pattern_1, ontoclasm_vaults_ligature, layout_vaults_omnicross
Vaults:4: hangedman_vaults_stitches, nicolae_vaults_little_squares_3,
          hangedman_vaults_stream, v_misc_14, nicolae_vaults_network_quinsquares
          [nicolae_vaults_network_quincunx_subvault,
          nicolae_vaults_network_quincunx_subvault,
          nicolae_vaults_network_quincunx_subvault,
          nicolae_vaults_network_quincunx_subvault], v_misc_2,
          nicolae_vaults_gold_heap, nicolae_vaults_little_squares_1, v_misc_10,
          layout_vaults_maze_snakey, portal_desolation_entry_nicolae_slug,
          uniq_donald
Vaults:5: serial_shops
Crypt:1:  layout_chaotic_city, ebering_ghost_xom, hex_large, uniq_bai_suzhen
Depths:1: minmay_the_grid_triangle_9x9_recursive_3_mashed
          [minmay_the_grid_triangle_9x9_descending_squares,
          minmay_the_grid_triangle_9x9_semitri,
          minmay_the_grid_triangle_9x9_fully_insulated_deathbox,
          minmay_the_grid_triangle_9x9_prize_special,
          minmay_the_grid_triangle_9x9_stretched_checkered,
          minmay_the_grid_triangle_9x9_zippers_vertical,
          minmay_the_grid_triangle_9x9_steps,
          minmay_the_grid_triangle_9x9_from_above,
          minmay_the_grid_triangle_9x9_alien], layout_basic, ebering_ghost_xom,
          hell_entry, serial_shops, shop,
          hangedman_abyss_or_decor_jellyfish_corner, small_chamber_with_monster,
          minmay_pinched_square
Depths:2: box_level_dp, hell_entry, pan_entry
Depths:3: minmay_broken_ring, layout_gridville, rand_demon_pan_entry_3,
          hangedman_abyss_or_decor_stagger, hell_entry, serial_bayou_lake_a,
          minmay_shop_grove
Depths:4: minmay_gate_of_8, layout_long_grid,
          nicolae_abyss_entry_one_way_or_another, grunt_hell_entry_dis_old,
          lemuel_flame_loot_1, minmay_staircase_windowed_large, uniq_frederick,
          uniq_margery
Depths:5: grunt_zot_entry_funnels, layout_basic, enter_ziggurat_f,
          nicolae_water_bricks, pf_vacation_house_of_asmodeus,
          grunt_ministairs_3
Zot:1:    layout_concentric_octagons, grunt_ministairs_9, grunt_megastairs_2
Zot:2:    layout_misc_corridors, gammafunk_ghost_arena, st_large_dragon_hoard_3
Zot:3:    lemuel_halls_of_wrath, layout_basic, grunt_megastairs_1
Zot:4:    layout_gridville
Zot:5:    layout_basic

Skill      XL: |  1  2  3  4  5  6  7  8  9 10 11 12 13 14 15 16 17 18 19 20 21 22 23 24 25 26 27 |
---------------+----------------------------------------------------------------------------------+-----
Axes           | 3 4 6 7 9 11 13 14 15 16 17 18 19 20 | 20.5
Fighting       | 4 5 6 7 8 9 10 11 13 14 16 17 18 19 20 21 22 25 | 25.0
Armour         | 4 5 6 7 8 9 12 14 15 16 17 20 | 20.5
Shields        | 4 5 6 7 8 9 10 12 14 15 16 17 18 19 20 21 22 23 24 25 | 25.9
Evocations     | 3 5 6 8 9 10 12 | 12.7
Invocations    | 6 9 10 11 12 13 14 | 14.0
Necromancy     | 6 7 8 10 12 14 | 14.7
Spellcasting   | 3 4 6 7 |  7.9
Dodging        | 1 3 5 6 7 8 |  8.3
Charms         | 4 5 |  5.8
Earth Magic    | 5 8 9 11 | 11.5

Action                   |  1- 3 |  4- 6 |  7- 9 | 10-12 | 13-15 | 16-18 | 19-21 | 22-24 | 25-27 || total
-------------------------+-------+-------+-------+-------+-------+-------+-------+-------+-------++-------
Melee: War axe           |    46 |   118 |   309 |   596 |  1433 |   249 |       |       |       ||  2751
       Hand axe          |   163 |       |       |       |       |       |       |       |       ||   163
       Scimitar          |       |       |       |    29 |    38 |    44 |       |       |       ||   111
       Broad axe         |       |       |       |       |       |   854 |  1253 |  1421 |  1508 ||  5036
       Unarmed           |       |       |       |       |       |       |       |       |     3 ||     3
Throw: Dart              |       |       |       |       |     2 |       |       |       |       ||     2
 Cast: Animate Skeleton  |       |       |       |       |       |    67 |    44 |    46 |     5 ||   162
       Regeneration      |       |       |       |       |       |       |       |     2 |    16 ||    18
       Animate Dead      |       |       |       |       |       |       |       |       |    55 ||    55
       Borgnjor's Vile C |       |       |       |       |       |       |       |       |    23 ||    23
Invok: Stomp             |       |       |       |       |     5 |    20 |     2 |     1 |       ||    28
       Grand Finale      |       |       |       |       |     1 |     1 |     2 |     3 |     6 ||    13
       Line Pass         |       |       |       |       |       |     3 |     3 |       |       ||     6
 Abil: Evoke Invisibilit |       |       |       |       |       |     2 |       |       |       ||     2
Evoke: Wand              |       |       |     6 |    11 |    15 |    15 |     7 |     1 |    38 ||    93
       Lightning rod     |       |       |       |     5 |    10 |     7 |     2 |       |     1 ||    25
       Phial of floods   |       |       |       |     1 |     3 |     4 |     1 |     2 |     2 ||    13
       Fan of gales      |       |       |       |       |       |     1 |       |       |       ||     1
       Box of beasts     |       |       |       |       |       |       |     1 |       |     1 ||     2
       Lamp of fire      |       |       |       |       |       |       |     1 |       |       ||     1
       Sack of spiders   |       |       |       |       |       |       |       |       |     2 ||     2
  Use: Scroll            |     7 |       |       |     8 |    21 |    21 |    11 |    18 |    20 ||   106
       Potion            |       |     1 |     3 |       |     4 |     5 |     7 |     2 |    25 ||    47
 Stab: Paralysed         |       |       |     1 |    61 |   141 |   127 |   243 |   209 |   241 ||  1023
       Confused          |       |       |       |       |     2 |       |       |       |       ||     2
       Petrified         |       |       |       |       |     1 |       |       |       |       ||     1
       Distracted        |       |       |       |       |       |     7 |     2 |     5 |     4 ||    18
       Invisible         |       |       |       |       |       |       |       |       |     5 ||     5
  Eat: Chunk             |     5 |     4 |    14 |    17 |    38 |    20 |    32 |    43 |    15 ||   188
       Ration            |       |       |     1 |     2 |     4 |    11 |     2 |     2 |    19 ||    41
Armor: Scale mail        |    62 |       |       |       |       |       |       |       |       ||    62
       Chain mail        |    11 |    66 |   130 |   260 |   103 |   271 |   450 |    64 |       ||  1355
       Plate armour      |       |       |       |       |   522 |    15 |       |   108 |       ||   645
       Swamp dragon scal |       |       |       |       |       |   327 |       |       |       ||   327
       Storm dragon scal |       |       |       |       |       |       |       |   123 |       ||   123
       Gold dragon scale |       |       |       |       |       |       |       |    73 |   450 ||   523
       Skin              |       |       |       |       |       |       |       |       |     1 ||     1
Dodge: Dodged            |    74 |    18 |    56 |   147 |   251 |   366 |   239 |   246 |   237 ||  1634
Block: Shield            |   120 |    70 |   156 |   330 |   759 |   892 |   723 |   149 |       ||  3199
       Large shield      |       |       |       |       |       |       |       |  1051 |  1487 ||  2538
       Rpst.: Scimitar   |       |       |       |     1 |     2 |     3 |       |       |       ||     6

Table legend:
 A = Non-vault XP
 B = Vault XP
 C = Vault XP percentage of total XP
 D = Non-vault monster count
 E = Vault monster count
 F = Vault count percentage of total count
                 A         B        C        D         E       F
            +---------+---------+-------+---------+---------+-------
      Total |  809259 |  782559 |  49.2 |    1542 |     914 |  37.2
            +---------+---------+-------+---------+---------+-------
        D:1 |      30 |       1 |   3.2 |      18 |       1 |   5.3
        D:2 |      43 |       0 |   0.0 |      17 |       0 |   0.0
        D:3 |     125 |       0 |   0.0 |      21 |       0 |   0.0
        D:4 |     135 |    1036 |  88.5 |      22 |       3 |  12.0
        D:5 |     793 |     165 |  17.2 |      19 |       1 |   5.0
        D:6 |     486 |       0 |   0.0 |      12 |       0 |   0.0
        D:7 |    1234 |    1072 |  46.5 |      28 |      15 |  34.9
        D:8 |     605 |     151 |  20.0 |      19 |       2 |   9.5
        D:9 |    2471 |     215 |   8.0 |      29 |       1 |   3.3
       D:10 |     723 |    1444 |  66.6 |       7 |      11 |  61.1
       D:11 |    4663 |       0 |   0.0 |      42 |       0 |   0.0
       D:12 |    6310 |       0 |   0.0 |      50 |       0 |   0.0
       D:13 |   10254 |    1018 |   9.0 |      39 |       1 |   2.5
       D:14 |    4386 |    5971 |  57.7 |      18 |      10 |  35.7
       D:15 |    6431 |    4400 |  40.6 |      17 |       5 |  22.7
     Lair:1 |    3039 |    1421 |  31.9 |      12 |       7 |  36.8
     Lair:2 |    2139 |    6459 |  75.1 |      10 |      37 |  78.7
     Lair:3 |    2431 |    2296 |  48.6 |       6 |       6 |  50.0
     Lair:4 |    8012 |    1793 |  18.3 |      30 |       5 |  14.3
     Lair:5 |    4303 |    6801 |  61.2 |      14 |      13 |  48.1
     Lair:6 |   11157 |   13351 |  54.5 |      44 |      24 |  35.3
    Swamp:1 |   19092 |    2931 |  13.3 |      38 |       1 |   2.6
    Swamp:2 |    8747 |       0 |   0.0 |      25 |       0 |   0.0
    Swamp:3 |   13116 |    1987 |  13.2 |      36 |       2 |   5.3
    Swamp:4 |   10850 |   19097 |  63.8 |      36 |      31 |  46.3
    Snake:1 |   10334 |       0 |   0.0 |      19 |       0 |   0.0
    Snake:2 |   14998 |       0 |   0.0 |      33 |       0 |   0.0
    Snake:3 |   13443 |    9689 |  41.9 |      33 |      20 |  37.7
    Snake:4 |   23692 |   33264 |  58.4 |      45 |      48 |  51.6
      Orc:1 |    3229 |       0 |   0.0 |      38 |       0 |   0.0
      Orc:2 |    6859 |    5109 |  42.7 |      55 |      40 |  42.1
      Elf:1 |   12753 |    1813 |  12.4 |      22 |       3 |  12.0
      Elf:2 |   19752 |    1826 |   8.5 |      29 |       2 |   6.5
   Vaults:1 |   26426 |   14653 |  35.7 |      60 |      25 |  29.4
   Vaults:2 |   47339 |   39195 |  45.3 |      70 |      49 |  41.2
   Vaults:3 |   29538 |   30113 |  50.5 |      42 |      40 |  48.8
   Vaults:4 |   36083 |   56003 |  60.8 |      49 |      48 |  49.5
   Vaults:5 |   27009 |  104460 |  79.5 |      35 |      76 |  68.5
    Crypt:1 |   20741 |    5106 |  19.8 |      31 |       1 |   3.1
   Depths:1 |   51203 |   38622 |  43.0 |      80 |      40 |  33.3
   Depths:2 |   17716 |   20889 |  54.1 |      29 |      39 |  57.4
   Depths:3 |   51833 |   20201 |  28.0 |      65 |      15 |  18.8
   Depths:4 |   32619 |   17018 |  34.3 |      35 |      11 |  23.9
   Depths:5 |   58638 |   25163 |  30.0 |      54 |      18 |  25.0
      Zot:1 |   37780 |   17134 |  31.2 |      21 |      13 |  38.2
      Zot:2 |   46655 |   22980 |  33.0 |      26 |      13 |  33.3
      Zot:3 |   40305 |   34791 |  46.3 |      22 |      52 |  70.3
      Zot:4 |   27927 |   10122 |  26.6 |      16 |       2 |  11.1
      Zot:5 |   30812 |  143599 |  82.3 |      24 |      38 |  61.3
    Ossuary |       0 |     929 | 100.0 |       0 |      35 | 100.0
 Desolation |       0 |   58271 | 100.0 |       0 |     110 | 100.0
            +---------+---------+-------+---------+---------+-------
